AoeStats
← Peppo

Highland

505180744Analyzed
2v2 RM · 24d ago on Sep 8, 2026· 52m 44s· 4 players
Game mode
Random Map
Map size
Medium (4 player)
Population
200
Speed
Normal
Resources
Standard
Victory
Conquest
Starting age
Dark Age
Ending age
Imperial Age
RankedLock teamsTeams togetherTeam positionsShared explorationLock speedFull tech treeHidden civsTurbo modeCheats
Victory
Defeat
🇦🇺 Byzantines · Australia
1054
+13
🇨🇳 Koreans · China
864
+51
🇺🇸 Bohemians · United States
989
-17
🇺🇸 Spanish · United States
973
-17
Peppo
10:15 Loom
12:01 Feudal Age
17:16 Castle Age
18:09 Double-Bit Axe
18:08 Horse Collar
19:19 Wheelbarrow
19:21 Bow Saw
19:24 Heavy Plow
25:24 Hand Cart
26:21 Chemistry
29:24 Imperial Age
29:22 Scale Mail Armor
29:25 Squires
31:35 Two-Man Saw
30:52 Chain Mail Armor
31:57 Pikeman
33:24 Caravan
33:11 Halberdier
36:51 Houfnice
40:04 Conscription
39:53 Wagenburg Tactics
40:05 Hussite Reforms
41:32 Plate Mail Armor
41:03 Padded Archer Armor
41:14 Forging
40:57 Fletching
42:19 Forging
41:59 Fletching
43:11 Leather Archer Armor
44:27 Iron Casting
43:47 Bodkin Arrow
44:23 Ring Archer Armor
45:28 Bracer
46:28 Blast Furnace
mrcoodlybear
11:40 Feudal Age
9:56 Loom
11:44 Feudal Age
16:59 Castle Age
16:47 Bloodlines
18:04 Horse Collar
18:17 Double-Bit Axe
19:16 Husbandry
20:16 Squires
22:41 Scale Barding Armor
22:46 Forging
24:17 Chain Barding Armor
24:57 Bow Saw
25:45 Scale Mail Armor
27:27 Gold Mining
30:51 Heavy Plow
34:40 Pikeman
36:05 Iron Casting
37:05 Stone Mining
40:46 Imperial Age
38:47 Padded Archer Armor
38:37 Fletching
40:36 Leather Archer Armor
41:23 Wheelbarrow
40:57 Bodkin Arrow
41:52 Cavalier
43:53 Blast Furnace
44:47 Two-Man Saw
44:27 Stone Shaft Mining
44:51 Plate Barding Armor
44:45 Fervor
45:50 Ring Archer Armor
45:21 Bracer
46:16 Ballistics
45:40 Paladin
1791912749
13:10 Feudal Age
13:36 Horse Collar
13:44 Double-Bit Axe
14:41 Wheelbarrow
16:53 Gold Mining
21:00 Castle Age
21:58 Hand Cart
23:01 Bow Saw
22:54 Heavy Plow
22:54 Gambesons
23:10 Squires
23:41 Scale Mail Armor
23:51 Forging
25:26 Loom
25:27 Town Watch
27:18 Stone Mining
30:14 Town Patrol
31:41 Chain Mail Armor
32:02 Iron Casting
35:41 Imperial Age
33:35 Ballistics
34:07 Herbal Medicine
34:11 Herbal Medicine
35:16 Arson
36:12 Fletching
36:53 Plate Mail Armor
37:18 Gold Shaft Mining
37:22 Stone Shaft Mining
37:05 Elite Fire Lancer
37:54 Scale Barding Armor
37:40 Fletching
37:20 Elite War Wagon
38:27 Conscription
39:03 Chain Barding Armor
39:26 Eupseong
40:54 Chemistry
39:53 Murder Holes
42:57 Bodkin Arrow
43:40 Caravan
44:11 Coinage
43:51 Guilds
44:40 Shinkichon
44:24 Bracer
44:20 Heated Shot
44:37 Siege Engineers
49:45 Elite Skirmisher
50:30 Thumb Ring
The Dark Sentencer
4:19 Loom
11:12 Feudal Age
12:49 Double-Bit Axe
19:14 Forging
22:53 Castle Age
21:00 Stone Mining
22:21 Gold Mining
22:43 Scale Barding Armor
25:23 Husbandry
28:02 Bow Saw
32:53 Wheelbarrow
32:57 Iron Casting
33:46 Chain Barding Armor
34:44 Gold Shaft Mining
34:45 Stone Shaft Mining
39:30 Imperial Age
37:38 Caravan
40:24 Logistica
40:37 Conscription
41:41 Hand Cart
42:06 Elite Cataphract
44:01 Plate Barding Armor
45:08 Two-Man Saw
Connection lost

Rejoining the realm…

Still unreachable

The connection could not be restored.

Session expired

The server has moved on; the page needs a fresh start.